 Dungeon Crawl Stone Soup version 0.30-a0-1160-g6e42c06551 (webtiles) character file.

Game seed: 17748156198077721450

123 xian the Shooter (level 5, 0/30 HPs)
             Began as a Tengu Hexslinger on Apr 27, 2023.
             Killed by divine providence
             ... invoked by an orc priest
              (17 damage)
             ... on level 3 of the Dungeon.
             The game lasted 00:04:50 (2557 turns).

xian the Shooter (Tengu Hexslinger)                 Turns: 2557, Time: 00:04:51

Health: 0/30       AC: 16    Str: 12    XL:     5   Next: 7%
Magic:  7/7        EV:  8    Int: 14    God:
Gold:   90         SH:  0    Dex: 14    Spells: 5/6 levels left

rFire   + . .        a - +1 sling
rCold   . . .        (no shield)
rNeg    . . .        k - +8 chain mail of Miprelo {rF+ Stlth+}
rPois   .            (helmet restricted)
rElec   .            (no cloak)
rCorr   .            (no gloves)
SInv    .            (boots unavailable)
Will    .....        (no amulet) Stlth
                     (no ring)
HPRegen 0.25/turn    (no ring)
MPRegen 0.10/turn

%: no passive effects
@: flying quickly and evasively, quick
A: beak, talons 3, nimble flight
a: no special abilities


You were on level 3 of the Dungeon.
You visited 1 branch of the dungeon, and saw 3 of its levels.

You collected 90 gold pieces.

Inventory:

Hand Weapons
 a - a +1 sling (weapon)
 e - a +3 spear
 i - a +0 short sword
Missiles
 c - 6 poisoned darts
Armour
 k - the +8 chain mail of Miprelo (worn) {rF+ Stlth+}
   (You found it on level 2 of the Dungeon)

   rF:        It protects you from fire.
   Stlth:     It makes you more stealthy.
Jewellery
 q - a ring of flight
Scrolls
 b - a scroll of poison
 f - a scroll of fear
 h - a scroll of teleportation
 n - a scroll of immolation
 r - 2 scrolls of identify
 s - a scroll of amnesia
 u - a scroll of blinking
Potions
 d - 2 potions of resistance {unknown}
 g - a potion of magic {unknown}
 j - a potion of berserk rage
 l - a potion of haste {unknown}
 m - a potion of lignification {unknown}
 o - 2 potions of curing {unknown}
 p - a potion of brilliance
 t - a potion of ambrosia {unknown}


   Skills:
 + Level 2.0 Fighting
 + Level 0.3 Polearms
 + Level 4.3 Ranged Weapons
 * Level 1.8 Armour
 + Level 2.4 Dodging
 + Level 0.1 Stealth
 + Level 1.0 Spellcasting
 + Level 2.3 Hexes


You had 5 spell levels left.
You knew the following spells:

 Your Spells              Type           Power      Damage    Failure   Level
a - Slow                  Hex            28%        N/A       95%         1

Your spell library contained the following spells:

 Spells                   Type           Power      Damage    Failure   Level
 Foxfire                  Conj/Fire      0%         2x1d4     100%        1
 Inner Flame              Hex/Fire       3%         N/A       100%        3
 Portal Projectile        Hex/Tloc       6%         N/A       100%        3
 Cause Fear               Hex            3%         N/A       100%        4
 Fireball                 Conj/Fire      0%         3d3       100%        5
 Plasma Beam              Fire/Air       0%         2x1d11    100%        6
 Starburst                Conj/Fire      0%         6d3       100%        6


Dungeon Overview and Level Annotations

Branches:
Dungeon (3/15)

Altars:

Shops:
D:1 *


Innate Abilities, Weirdness & Mutations

You have a beak for a mouth.
You have claws for feet.
Your magical nature lets you fly swiftly and evasively.


Message History

The endoplasm quivers.
The endoplasm moves out of view.
An endoplasm is nearby!
You shoot a sling bullet. The sling bullet hits the endoplasm.
The endoplasm is almost dead.
The endoplasm hits you but does no damage.
You shoot a sling bullet. The sling bullet hits the endoplasm.
You kill the endoplasm!
No target in view!
No target in view!
No target in view!
You now have 90 gold pieces (gained 13).
As you open the door, it creaks loudly!
Found a ring mail.
There is an open door here.
As you open the door, it creaks loudly!
An orc comes into view. It is wielding a +0 flail.
Found a fuming orange potion.
An orc is nearby!
You shoot a sling bullet. The sling bullet hits the orc.
The orc is severely wounded.
An orc comes into view. It is wielding a +0 whip.
You shoot a sling bullet. The orc shouts!
The sling bullet hits the orc.
You kill the orc!
An orc priest comes into view. It is wielding a +0 flail.
The orc priest miscasts a cantrip.
You shoot a sling bullet.
The sling bullet closely misses the orc.
The orc priest calls down the wrath of Beogh upon you.
Beogh smites you!
You shoot a sling bullet. The sling bullet barely misses the orc.
The sling bullet closely misses the orc priest.
You shoot a sling bullet. The sling bullet hits the orc.
The orc is moderately wounded.
The orc priest calls down the wrath of Beogh upon you.
Beogh smites you!
Ouch! That really hurt!
You die...

#.........## #.##).#
..#######.# #.##.<# #.#
#.##..# ##+## #.....#
##...## ####.###
##.....## #.†.. #
##.......## ##.##
....###..[......####...#
..o)..o@........+.......
....###.........####...#
# ##.......## ##.##
##.....## #### ##...## #
##'## # #.# #
#######.############
....................


You could see an orc priest and an orc.

Vanquished Creatures
  A gnoll (D:3)
  5 adders
  A worm (D:2)
  A dart slug (D:3)
  2 orcs (D:3)
  3 bats
  8 endoplasms
  2 giant cockroaches (D:2)
  4 goblins
  6 hobgoblins (D:1)
  4 jackals
  2 kobolds
  3 quokkas
  6 ball pythons
  3 frilled lizards
  6 rats
57 creatures vanquished.

Vanquished Creatures (others)
  4 plants (D:2)
4 creatures vanquished.

Grand Total: 61 creatures vanquished

Notes
Turn   | Place    | Note
-------+----------+-------------------------------------------
     0 | D:1      | xian the Tengu Hexslinger began the quest for the Orb.
     0 | D:1      | Reached XP level 1. HP: 12/12 MP: 3/3
   238 | D:1      | Reached XP level 2. HP: 13/16 MP: 4/4
   261 | D:1      | Found Cozac's General Store.
   431 | D:1      | Found a faded altar of an unknown god.
   597 | D:1      | Reached skill level 3 in Ranged Weapons
   689 | D:1      | Reached XP level 3. HP: 20/20 MP: 5/5
  1550 | D:2      | Reached XP level 4. HP: 26/26 MP: 6/6
  1693 | D:2      | Identified the +8 chain mail of Miprelo {rF+ Stlth+}
  1771 | D:3      | Reached skill level 1 in Armour
  2091 | D:3      | Reached skill level 4 in Ranged Weapons
  2434 | D:3      | Gained mutation: Your magical nature lets you fly swiftly
                  | and evasively. [Tengu growth]
  2434 | D:3      | Reached XP level 5. HP: 30/30 MP: 7/7
  2557 | D:3      | Killed from afar by an orc priest

Illustrated notes

Levels and vault maps discovered:
D:1:      heliophobic_arrival_glass_houses, layout_loops_corners,
          dreamdust_ecumenical_altar_statues, serial_shops, shop, st_stairs_7
D:2:      layout_loops_cross, serial_forest, infiniplex_forest_lined_room_3,
          infiniplex_forest_clump_diagonal, infiniplex_forest_fountain,
          infiniplex_forest_clump_diagonal, infiniplex_forest_clump_double
D:3:      layout_loops_corners

Skill      XL: |  1  2  3  4  5 |
---------------+----------------+-----
Ranged Weapons | 3 4 |  4.3
Armour         | 1 |  1.8
Fighting       | 2 |  2.0
Polearms       | |  0.3
Dodging        | |  2.4
Stealth        | |  0.1
Spellcasting   | |  1.0
Hexes          | |  2.3

Action                     |  1- 3 |  4- 6 || total
---------------------------+-------+-------++-------
  Melee: Spear             |       |     9 ||     9
         Kick              |       |     5 ||     5
         Peck              |       |     1 ||     1
   Fire: Sling             |   109 |    92 ||   201
    Use: Scroll            |     7 |     2 ||     9
 Armour: Robe              |     5 |       ||     5
         Leather armour    |    11 |     4 ||    15
         Chain mail        |       |    23 ||    23
  Dodge: Dodged            |    34 |    46 ||    80

Table legend: (Time is in decaauts)
 A = Elapsed time spent in this place.
 B = Non-inter-level travel time spent in this place.
 C = Inter-level travel time spent in this place.
 D = Time resting spent in this place.
 E = Time spent auto-exploring this place.
 F = Levels seen in this place.
 G = Mean time per level.
                   A        B        C        D        E       F      G
               +--------+--------+--------+--------+--------+-----+--------+
         Total |   2625 |   2539 |     86 |    122 |   1878 |   3 |  875.0 |
       Dungeon |   2625 |   2539 |     86 |    122 |   1878 |   3 |  875.0 |
               +--------+--------+--------+--------+--------+-----+--------+

Top non-repeatable levels by time:
     D:1: 1306 daAuts
     D:3: 848 daAuts
     D:2: 471 daAuts
